 Dungeon Crawl Stone Soup version 0.26.1-11-gd32895ea62 (webtiles) character file.

Game seed: 18068223627767349663

2626 reversiblehash the Fighter (level 9, -1/75 HPs)
             Began as a Demonspawn Fighter on Apr 28, 2021.
             Was a Follower of Makhleb.
             Succumbed to a hornet's poison
             ... on level 7 of the Dungeon.
             The game lasted 00:20:08 (8865 turns).

reversiblehash the Fighter (Demonspawn Fighter)     Turns: 8865, Time: 00:20:09

Health: -1/75      AC:  9    Str: 20    XL:     9   Next: 34%
Magic:  7/9        EV: 11    Int: 11    God:    Makhleb [*.....]
Gold:   332        SH: 16    Dex: 23    Spells: 8/8 levels left

rFire    . . .     SeeInvis .   H - +2 whip of the Red Skies {freeze, Dex+4}
rCold    . . .     Faith    .   k - +0 tower shield
rNeg     . . .     Spirit   +   b - +0 scale mail
rPois    .         Reflect  .   (no helmet)
rElec    .         Harm     .   (no cloak)
rCorr    .         Rampage  .   G - +0 pair of gloves
Will     .....                  (no boots)
Stlth    +.........             (no amulet)
HPRegen  0.22/turn              n - +6 ring of dexterity
MPRegen  0.11/turn              (no ring)

@: agile, lethally poisoned (-1 -> -15)
A: talons 1, powered by pain 3, magic shield, big brain 1
a: Renounce Religion


You were on level 7 of the Dungeon.
You worshipped Makhleb.
Makhleb was aware of your devotion.
You visited 2 branches of the dungeon, and saw 8 of its levels.

You collected 332 gold pieces.

Inventory:

Hand Weapons
 a - a +0 war axe
 f - a +3 dagger
 v - a +3 quarterstaff of chaos
 A - a +4 falchion
 E - a +1 vorpal dire flail
 H - the +2 whip of the Red Skies (weapon) {freeze, Dex+4}
   (You found it on level 6 of the Dungeon)

   It has been specially enchanted to freeze those struck by it, causing extra
   injury to most foes and up to half again as much damage against particularly
   susceptible opponents.
   It can also slow down cold-blooded creatures.
   It affects your dexterity (+4).
Missiles
 g - 56 poisoned darts (quivered)
 w - 8 atropa-tipped darts
Armour
 b - a +0 scale mail (worn)
 c - a +0 kite shield
 k - a +0 tower shield (worn)
 y - a +0 cloak
 G - a +0 pair of gloves (worn)
Jewellery
 n - a +6 ring of dexterity (left hand)
Wands
 d - a wand of digging (3)
 h - a wand of random effects (16)
Scrolls
 l - 2 scrolls of enchant weapon
 m - 2 scrolls of noise
 o - 2 scrolls of fear
 q - 2 scrolls of enchant armour {unknown}
 s - a scroll of teleportation
 u - 2 scrolls of random uselessness
 C - a scroll of magic mapping {unknown}
 D - 4 scrolls of identify
Potions
 e - 5 potions of curing
 i - a potion of haste {unknown}
 j - 2 potions of ambrosia {unknown}
 p - 2 potions of mutation {unknown}
 r - 3 potions of flight {unknown}
 t - 2 potions of heal wounds {unknown}
 x - a potion of resistance
 z - 2 potions of brilliance {unknown}
 B - a potion of magic {unknown}
 F - 2 potions of attraction {unknown}
 I - 2 potions of lignification {unknown}


   Skills:
 * Level 8.4 Fighting
 - Level 0.8(1.6) Short Blades
 - Level 2.1(2.2) Long Blades
 - Level 1.7 Axes
 + Level 6.7 Armour
 + Level 7.0 Shields


You had 8 spell levels left.
You didn't know any spells.
Your spell library contained the following spells:

 Spells                   Type           Power        Failure   Level
 Foxfire                  Conj/Fire      0%           100%        1
 Conjure Flame            Conj/Fire      0%           100%        3
 Inner Flame              Hex/Fire       0%           100%        3
 Sticky Flame             Conj/Fire      0%           100%        4
 Fireball                 Conj/Fire      0%           100%        5


Dungeon Overview and Level Annotations

Branches:
Dungeon (7/15)             Temple (1/1) D:6

Altars:
Ashenzari
Cheibriados
Dithmenos
Elyvilon
Fedhas
Gozag
Hepliaklqana
Kikubaaqudgha
Makhleb
Nemelex Xobeh
Okawaru
Qazlal
Ru
Sif Muna
Trog
Uskayaw
Wu Jian
Yredelemnul
Zin
The Shining One


Innate Abilities, Weirdness & Mutations

You have sharp toenails.
You are powered by pain.
When hurt, damage is shared between your health and your magic reserves.
You have an unusually large brain. (Int +2)


Message History

You feel very sick. You block the hornet's attack.
The hornet stings you but does no damage. x2
You barely miss the hornet. Your kick misses the hornet.
The hornet is heavily wounded.
You feel yourself speed up.
* * * LOW HITPOINT WARNING * * *
You feel very sick. The hornet closely misses you.
The phantom blinks!
The hornet barely misses you.
You hit the hornet. You freeze the hornet.
You claw the hornet, but do no damage.
The hornet is severely wounded.
* * * LOW HITPOINT WARNING * * *
You feel sick.
The hornet stings you but does no damage.
The hornet closely misses you.
You hit the hornet but do no damage. Your kick misses the hornet.
The hornet is severely wounded.
You die...

#. ##.#### #.
.....# .#
..... .. .>.#
.. . #..# #
.....##.#.y# #
........#.@# #
..........# #
.<..###.## ###
# #..
#.##..... #
#..###........
# #...###.....
# ##.## ##.. #
#..# #.##


You could see a hornet.

Vanquished Creatures
  Grinder (D:6)
  Prince Ribbit (D:5)
  Sigmund (D:5)
  Eustachio (D:6)
  Edmund (D:5)
  An orc warrior (D:6)
  A sky beast (D:6)
  An ogre (D:5)
  A phantom (D:6)
  3 centaurs
  A bullfrog (D:6)
  Blork the orc (D:6)
  A water moccasin skeleton (D:4)
  3 scorpions
  A wight (D:6)
  A centaur zombie (D:5)
  A bullfrog zombie (D:5)
  5 orc priests
  A jelly (D:7)
  Crazy Yiuf (D:4)
  3 hounds
  A bullfrog skeleton (D:6)
  2 orc wizards (D:4)
  4 worker ants
  A hound skeleton (D:5)
  A mummy (D:6)
  A howler monkey zombie (D:6)
  A howler monkey skeleton (D:6)
  13 adders
  A shadow imp (D:5)
  2 white imps (D:5)
  An ooze (D:6)
  An ufetubus (D:5)
  An adder skeleton (D:5)
  A worm (D:3)
  3 dart slugs
  3 leopard geckos
  12 orcs
  7 bats
  5 giant cockroaches
  8 goblins
  8 hobgoblins
  8 jackals
  2 quokkas (D:5)
  2 ball pythons (D:3)
  A ball python skeleton (D:5)
  8 frilled lizards
  A jackal skeleton (D:5)
  12 kobolds
  A leopard gecko zombie (D:5)
  4 rats
147 creatures vanquished.

Notes
Turn   | Place    | Note
-------+----------+-------------------------------------------
     0 | D:1      | reversiblehash the Demonspawn Fighter began the quest for
                  | the Orb.
     0 | D:1      | Reached XP level 1. HP: 18/18 MP: 1/1
   134 | D:1      | Gained mutation: You sometimes gain a little power by
                  | taking damage. [demonic ancestry]
   134 | D:1      | Reached XP level 2. HP: 24/24 MP: 2/2
   831 | D:2      | Reached skill level 4 in Fighting
   872 | D:2      | Reached XP level 3. HP: 30/30 MP: 3/3
   896 | D:2      | Found a sparkling altar of Nemelex Xobeh.
  1743 | D:2      | Gained mutation: When hurt, damage is shared between your
                  | health and your magic reserves. [demonic ancestry]
  1743 | D:2      | Reached XP level 4. HP: 29/38 MP: 4/4
  2137 | D:3      | Reached skill level 5 in Fighting
  2444 | D:3      | Gained mutation: You have an unusually large brain. (Int
                  | +2) [demonic ancestry]
  2444 | D:3      | Reached XP level 5. HP: 37/44 MP: 3/5
  3493 | D:4      | Reached XP level 6. HP: 34/52 MP: 6/6
  3684 | D:4      | Found a glowing golden altar of the Shining One.
  4049 | D:4      | Found a sacrificial altar of Ru.
  4158 | D:4      | Reached skill level 6 in Fighting
  4699 | D:4      | Found a runed translucent door.
  4700 | D:4      | Noticed Crazy Yiuf
  4713 | D:4      | Killed Crazy Yiuf
  4714 | D:4      | Gained mutation: You sometimes gain power by taking damage.
                  | [demonic ancestry]
  4714 | D:4      | Reached XP level 7. HP: 4/58 MP: 0/7
  4725 | D:4      | HP: 2/58 [poisoned by a scorpion]
  4733 | D:4      | HP: 2/58 [poisoned by a scorpion]
  5286 | D:5      | Entered Level 5 of the Dungeon
  5678 | D:5      | Reached skill level 1 in Long Blades
  5883 | D:5      | Noticed Sigmund
  5885 | D:5      | Noticed Prince Ribbit
  5903 | D:5      | Killed Sigmund
  5934 | D:5      | HP: 2/59 [Prince Ribbit (8)]
  6521 | D:5      | Gained mutation: You have sharp toenails. [demonic
                  | ancestry]
  6521 | D:5      | Reached XP level 8. HP: 64/65 MP: 6/8
  6711 | D:5      | Killed Prince Ribbit
  6712 | D:5      | Reached skill level 7 in Fighting
  6712 | D:5      | Reached skill level 5 in Armour
  6712 | D:5      | Reached skill level 5 in Shields
  6979 | D:5      | Noticed Edmund
  6991 | D:5      | Killed Edmund
  7172 | D:6      | Found a burning altar of Makhleb.
  7212 | D:6      | Got a buzzing whip
  7213 | D:6      | Became a worshipper of Makhleb the Destroyer
  7214 | D:6      | Identified the +2 whip of the Red Skies {freeze, Dex+4}
                  | (You found it on level 6 of the Dungeon)
  7323 | D:6      | Noticed Eustachio
  7349 | D:6      | Killed Eustachio
  7385 | D:6      | Gained mutation: You are powered by pain. [demonic
                  | ancestry]
  7385 | D:6      | Reached XP level 9. HP: 22/74 MP: 3/9
  7898 | D:6      | Reached * piety under Makhleb
  7899 | D:6      | Reached skill level 8 in Fighting
  7904 | D:6      | Noticed Grinder
  7920 | D:6      | Paralysed by Grinder for 4 turns
  7926 | D:6      | Paralysed by Grinder for 4 turns
  7956 | D:6      | Killed Grinder
  8168 | D:6      | Found a staircase to the Ecumenical Temple.
  8436 | D:6      | Noticed Blork the orc
  8444 | D:6      | Killed Blork the orc
  8520 | Temple   | Entered the Ecumenical Temple
  8863 | D:7      | HP: 3/75 [poisoned by a hornet]
  8864 | D:7      | HP: 1/75 [poisoned by a hornet]
  8865 | D:7      | Succumbed to a hornet's poison

Illustrated notes

Levels and vault maps discovered:
D:1:      ebering_hopf_link, layout_basic, grunt_decor_clamped,
          chequers_decorated_corner
D:2:      layout_basic, nemelex_xobeh_ov_fountains_minmay,
          chequers_serial_rivers_micro_e
D:3:      layout_rooms
D:4:      layout_gridville, general_overflow_altar, lemuel_round_altar,
          uniq_crazy_yiuf_cottage
D:5:      layout_loops_ring, uniq_edmund, uniq_sigmund, uniq_prince_ribbit1
D:6:      hangedman_cross_stitches, layout_rooms, bloody_makhleb,
          minmay_temple_entry_antechambers, gup_ossuary_entry_pyramid,
          uniq_blork_the_orc, uniq_eustachio, uniq_grinder
D:7:      layout_loops_cross, lightli_minifort
Temple:   eino_temple_scatter_basement

Skill      XL: |  1  2  3  4  5  6  7  8  9 |
---------------+----------------------------+-----
Fighting       | 4 5 6 7 8 |  8.4
Shields        | 3 4 6 7 |  7.0
Armour         | 3 4 6 |  6.7
Long Blades    | 2 |  2.1
Short Blades   | |  0.8
Axes           | |  1.7

Action                   |  1- 3 |  4- 6 |  7- 9 || total
-------------------------+-------+-------+-------++-------
Melee: War axe           |   140 |   182 |     2 ||   324
       Falchion          |       |       |   116 ||   116
       Dagger            |       |       |    14 ||    14
       Whip              |       |       |   160 ||   160
       Kick              |       |       |    92 ||    92
Throw: Dart              |       |     9 |    25 ||    34
  Use: Scroll            |     2 |     6 |       ||     8
       Potion            |       |     1 |     1 ||     2
Armor: Scale mail        |    84 |    83 |    78 ||   245
Dodge: Dodged            |    32 |    42 |    65 ||   139
Block: Kite shield       |    47 |       |       ||    47
       Tower shield      |    57 |   171 |   252 ||   480
       Rpst.: Falchion   |       |       |     6 ||     6
